 Dungeon Crawl Stone Soup version 0.25.1-2-g60ff931df9 (webtiles) character file.

Game seed: 1412122738597814398

54 DildoBatman the Conjurer (level 4, -4/30 HPs)
             Began as a Formicid Wizard on Aug 18, 2020.
             Slain by a gnoll
             ... wielding a +0 halberd
              (12 damage)
             ... on level 2 of the Dungeon.
             The game lasted 00:03:14 (1593 turns).

DildoBatman the Conjurer (Formicid Wizard)          Turns: 1593, Time: 00:03:15

Health: -4/30      AC:  2    Str: 12    XL:     4   Next: 12%
Magic:  4/8        EV: 12    Int: 18    God:
Gold:   56         SH:  0    Dex:  9    Spells: 2/9 levels left

rFire    . . .     SeeInvis +   a - +0 dagger (drain)
rCold    . . .     Gourm    .   (no shield)
rNeg     . . .     Faith    .   f - +0 robe
rPois    .         Spirit   .   (helmet unavailable)
rElec    .         Reflect  .   (no cloak)
rCorr    .         Harm     .   (no gloves)
MR       .....                  (no boots)
Stlth    ++........             (no amulet)
HPRegen  0.10/turn              (no ring)
MPRegen  0.11/turn              (no ring)

@: no status effects
A: permanent stasis, dig shafts and tunnels, four strong arms, antennae 3
a: Dig, Shaft Self


You were on level 2 of the Dungeon.
You were not hungry.

You visited 1 branch of the dungeon, and saw 2 of its levels.

You collected 56 gold pieces.

Inventory:

Hand Weapons
 a - a +0 dagger of draining (weapon)
Missiles
 e - 34 stones (quivered)
 g - 4 boomerangs
Armour
 f - a +0 robe (worn)
Scrolls
 d - a scroll of amnesia {unknown}
 h - a scroll of identify {unknown}
 i - a scroll of enchant weapon {unknown}
Potions
 c - a potion of flight {unknown}
 j - a potion of haste {unknown}
Comestibles
 b - 5 chunks of flesh
 v - 4 rations


   Skills:
 - Level 1.7 Dodging
 - Level 2.4 Stealth
 - Level 3.2 Spellcasting
 * Level 3.3 Conjurations
   Level 1.0 Summonings
   Level 0.8 Translocations


You had 2 spell levels left.
You knew the following spells:

 Your Spells              Type           Power        Failure   Level  Hunger
a - Conjure Flame         Conj/Fire      #.......     24%         3    ###....
c - Magic Dart            Conj           ##..         4%          1    None
e - Mephitic Cloud        Conj/Pois/Air  #.......     30%         3    ###....

Your spell library contained the following spells:

 Spells                   Type           Power        Failure   Level  Hunger
 Call Imp                 Summ           #.......     16%         2    ##.....
 Slow                     Hex            #.......     24%         2    ##.....
 Blink                    Tloc           Unusable     N/A         2    N/A

Dungeon Overview and Level Annotations

Branches:
Dungeon (2/15)

Altars:

Annotations:
D:2 exclusions: 2 gnolls and 3 sensed monsters (detected)


Innate Abilities, Weirdness & Mutations

You cannot be hasted, slowed, berserked, paralysed or teleported.
You can dig through walls and to a lower floor.
Your four strong arms can wield two-handed weapons with a shield.
You have a pair of large antennae on your head. (SInv)


Message History

What are your orders? t - Shout!
Orders for allies: a - Attack new target. r - Retreat! s - Stop attacking. g - Guard the area. f - Follow me.
Anything else - Cancel.
You shout for attention!
The gnoll closely misses you.
A frilled lizard comes into view.
The gnoll hits you from afar with a +0 halberd.
What are your orders? t - Shout!
Orders for allies: a - Attack new target. r - Retreat! s - Stop attacking. g - Guard the area. f - Follow me.
Anything else - Cancel.
You shout for attention!
The gnoll closely misses you.
The gnoll hits you from afar with a +0 halberd!
You die...

.....#... ..
....{#.#####.
{............#..
#....#.##..##..
#.......#.###..
#.....#........
######...........#.# #
#%g..gl)....#.÷.##..
..w...#@##...........#..
..##..w......###..)...÷.
.....######..##..###....
...#. ##.....## ###÷# ..
#. ##......## #.# .
#.####..#.....## ##).
#..#...##..##..###.##
#.#.####..##........
#...####..###..<.#..


You could see a worm, 2 gnolls and a frilled lizard.

Vanquished Creatures
  A gnoll (D:2)
  An adder (D:2)
  A dart slug (D:1)
  A leopard gecko (D:2)
  4 bats (D:1)
  A giant cockroach (D:1)
  6 goblins
  6 hobgoblins
  4 kobolds (D:1)
  A quokka (D:2)
  2 frilled lizards (D:2)
  3 rats
31 creatures vanquished.

Notes
Turn   | Place    | Note
-------+----------+-------------------------------------------
     0 | D:1      | DildoBatman the Formicid Wizard began the quest for the
                  | Orb.
     0 | D:1      | Reached XP level 1. HP: 13/13 MP: 4/4
     5 | D:1      | Reached skill level 1 in Conjurations
   193 | D:1      | Reached XP level 2. HP: 18/19 MP: 1/6
   595 | D:1      | Reached XP level 3. HP: 24/24 MP: 4/7
   600 | D:1      | Learned a level 3 spell: Conjure Flame
   604 | D:1      | Learned a level 3 spell: Mephitic Cloud
  1574 | D:2      | Reached XP level 4. HP: 30/30 MP: 2/8
  1593 | D:2      | Slain by a gnoll

Illustrated notes

Levels and vault maps discovered:
D:1:      dpeg_arrival_connections, layout_loops_ring
D:2:      layout_rooms, grunt_ashenzari_visionary
          [grunt_ashenzari_visionary_swamp, grunt_ashenzari_visionary_spider]

Skill      XL: |  1  2  3 |
---------------+----------+-----
Conjurations   | 1 2 3 |  3.3
Dodging        | |  1.7
Stealth        | |  2.4
Spellcasting   | |  3.2
Summonings     | |  1.0
Translocations | |  0.8

Action                   |  1- 3 |  4- 6 || total
-------------------------+-------+-------++-------
Melee: Club              |     3 |       ||     3
       Dagger            |    11 |       ||    11
 Cast: Magic Dart        |    74 |     1 ||    75
 Abil: Dig               |     1 |     1 ||     2
 Stab: Sleeping          |     1 |       ||     1
  Eat: Chunk             |     2 |       ||     2
Armor: Robe              |     2 |     2 ||     4
Dodge: Dodged            |    17 |     6 ||    23
